| TOP OF THE 1ST |
|
Indianapolis Indians batting - Pitching for New Orleans Zephyrs : RHP Stefan Snel
|
|
Pitching: RHP Stefan Snel
|
|
|
Batting: RHB Jason Gee
|
0-0: Foul Ball, location: 2F 0-1: Ball 1-1: Ball 2-1: Ball 3-1: Fly out, F8 (Flyball, 8LXD, EV 86.2 MPH)
|
|
Batting: LHB Edwin Aguilar
|
0-0: Foul Ball, location: 2F 0-1: Called Strike 0-2: Ball 1-2: Strikes out swinging, 2-3 out at first.
|
|
Batting: LHB Marc Carter
|
0-0: Ball 1-0: Fly out, F5 (Popup, 5SF, EV 69.4 MPH)
|
| Top of the 1st over - 0 runs, 0 hits, 0 errors, 0 left on base; Indianapolis 0 - New Orleans 0 |
| BOTTOM OF THE 1ST |
|
New Orleans Zephyrs batting - Pitching for Indianapolis Indians : RHP Curt Campbell
|
|
Pitching: RHP Curt Campbell
|
|
|
Batting: RHB Torquato Obawole
|
0-0: Called Strike 0-1: Swinging Strike 0-2: Ball 1-2: Foul Ball, location: 2F 1-2: Ball 2-2: Strikes out swinging passed ball, reaches first!
|
|
Batting: RHB Rick Fell
|
0-0: Ball 1-0: Ball 2-0: Called Strike 2-1: Foul Ball, location: 2F 2-2: Ball 3-2: Foul Ball, location: 2F 3-2: Foul Ball, location: 2F 3-2: Grounds into double play, 4-6-3 (Groundball, 13, EV 86.2 MPH)
|
|
Batting: RHB Manuel Taveras
|
0-0: Called Strike 0-1: Ball 1-1: Ball 2-1: Foul Ball, location: 2F 2-2: Strikes out looking
|
| Bottom of the 1st over - 0 runs, 0 hits, 0 errors, 0 left on base; Indianapolis 0 - New Orleans 0 |
| TOP OF THE 2ND |
|
Indianapolis Indians batting - Pitching for New Orleans Zephyrs : RHP Stefan Snel
|
|
Batting: LHB Alberto Figueroa
|
0-0: Called Strike 0-1: Called Strike 0-2: Ball 1-2: Strikes out looking
|
|
Batting: RHB Chris Pozzi
|
0-0: Ball 1-0: Ball 2-0: Ball 3-0: Called Strike 3-1: Base on Balls
|
|
Batting: RHB Caleb Russell
|
0-0: Called Strike 0-1: TRIPLE (Flyball, 78XD, EV 104.4 MPH) Chris Pozzi scores
|
|
Batting: RHB Richard Barrios
|
0-0: Foul Ball, location: 2F 0-1: SINGLE (Groundball, 3D, EV 100.0 MPH) Caleb Russell scores
|
|
Batting: RHB Matt Keef
|
0-0: Ball 1-0: Called Strike 1-1: Ball 2-1: Swinging Strike 2-2: Strikes out swinging
|
|
Batting: RHB Slamet Pamungkas
|
0-0: Ball 1-0: Foul Ball, location: 2F 1-1: Called Strike 1-2: SINGLE (Groundball, 25, EV 73.8 MPH) (infield hit) Richard Barrios to second
|
|
Batting: RHB Jason Gee
|
0-0: Called Strike 0-1: Ball 1-1: Foul Ball, location: 2F 1-2: Ball 2-2: Ball 3-2: Base on Balls Richard Barrios to third Slamet Pamungkas to second
|
|
Batting: LHB Edwin Aguilar
|
0-0: Foul Ball, location: 2F 0-1: Called Strike 0-2: Ball 1-2: Strikes out swinging
|
| Top of the 2nd over - 2 runs, 3 hits, 0 errors, 3 left on base; Indianapolis 2 - New Orleans 0 |
| BOTTOM OF THE 2ND |
|
New Orleans Zephyrs batting - Pitching for Indianapolis Indians : RHP Curt Campbell
|
|
Batting: RHB Adam McGurn
|
0-0: Ball 1-0: Called Strike 1-1: Ball 2-1: Ball 3-1: Base on Balls
|
|
Batting: LHB Adam Durgin
|
0-0: Swinging Strike 0-1: Ball 1-1: Foul Ball, location: 2F 1-2: Ball 2-2: Strikes out swinging
|
|
Batting: RHB Isaiah Brockman
|
0-0: Called Strike 0-1: Fly out, F7 (Flyball, 7LM, EV 99.4 MPH)
|
|
Batting: RHB Orlando Landa
|
0-0: Called Strike 0-1: Ball 1-1: Swinging Strike 1-2: Foul Ball, location: 2F 1-2: Ball 2-2: Strikes out looking
|
| Bottom of the 2nd over - 0 runs, 0 hits, 0 errors, 1 left on base; Indianapolis 2 - New Orleans 0 |
| TOP OF THE 3RD |
|
Indianapolis Indians batting - Pitching for New Orleans Zephyrs : RHP Stefan Snel
|
|
Batting: LHB Marc Carter
|
0-0: Called Strike 0-1: Ball 1-1: Foul Ball, location: 2F 1-2: Strikes out swinging
|
|
Batting: LHB Alberto Figueroa
|
0-0: Foul Ball, location: 2F 0-1: Ball 1-1: Called Strike 1-2: Foul Ball, location: 2F 1-2: Foul Ball, location: 2F 1-2: Ball 2-2: Ball 3-2: Ground out 6-3 (Groundball, 6, EV 86.9 MPH)
|
|
Batting: RHB Chris Pozzi
|
0-0: Ground out U3 (Groundball, 34, EV 98.1 MPH)
|
| Top of the 3rd over - 0 runs, 0 hits, 0 errors, 0 left on base; Indianapolis 2 - New Orleans 0 |
| BOTTOM OF THE 3RD |
|
New Orleans Zephyrs batting - Pitching for Indianapolis Indians : RHP Curt Campbell
|
|
Batting: RHB Masumitsu Sugiura
|
0-0: Ball 1-0: Foul Ball, location: 2F 1-1: Called Strike 1-2: Ball 2-2: Strikes out swinging
|
|
Batting: LHB Jeff Tavella
|
0-0: Ball 1-0: Called Strike 1-1: Called Strike 1-2: Ball 2-2: Ball 3-2: Strikes out swinging
|
|
Batting: RHB Torquato Obawole
|
0-0: Called Strike 0-1: Called Strike 0-2: Ball 1-2: Ground out 4-3 (Groundball, 4, EV 96.9 MPH)
|
| Bottom of the 3rd over - 0 runs, 0 hits, 0 errors, 0 left on base; Indianapolis 2 - New Orleans 0 |
| TOP OF THE 4TH |
|
Indianapolis Indians batting - Pitching for New Orleans Zephyrs : RHP Stefan Snel
|
|
Batting: RHB Caleb Russell
|
0-0: Called Strike 0-1: Ball 1-1: Foul Ball, location: 2F 1-2: Ball 2-2: Foul Ball, location: 2F 2-2: Ball 3-2: Foul Ball, location: 2F 3-2: Strikes out swinging
|
|
Batting: RHB Richard Barrios
|
0-0: Called Strike 0-1: Ball 1-1: Swinging Strike 1-2: Ball 2-2: Ball 3-2: Foul Ball, location: 2F 3-2: Strikes out looking
|
|
Pitching: RHP Alberto Negrete
|
|
|
Batting: RHB Matt Keef
|
0-0: Called Strike 0-1: Swinging Strike 0-2: Strikes out looking
|
| Top of the 4th over - 0 runs, 0 hits, 0 errors, 0 left on base; Indianapolis 2 - New Orleans 0 |
| BOTTOM OF THE 4TH |
|
New Orleans Zephyrs batting - Pitching for Indianapolis Indians : RHP Curt Campbell
|
|
Batting: RHB Rick Fell
|
0-0: Called Strike 0-1: Called Strike 0-2: Strikes out swinging
|
|
Batting: RHB Manuel Taveras
|
0-0: Ball 1-0: Foul Ball, location: 2F 1-1: Swinging Strike 1-2: Ball 2-2: Ball 3-2: Strikes out swinging
|
|
Batting: RHB Adam McGurn
|
0-0: Ball 1-0: Ball 2-0: Ball 3-0: Base on Balls
|
|
Batting: LHB Adam Durgin
|
0-0: Called Strike 0-1: Ball 1-1: DOUBLE (Flyball, 78D, EV 93.1 MPH) Adam McGurn to third
|
|
Batting: RHB Isaiah Brockman
|
0-0: Ball 1-0: Foul Ball, location: 2F 1-1: Ball 2-1: Foul Ball, location: 2F 2-2: Ball 3-2: Base on Balls
|
|
Batting: RHB Orlando Landa
|
0-0: Foul Ball, location: 2F 0-1: SINGLE (Groundball, 34D, EV 95.0 MPH) Adam McGurn scores Adam Durgin to third Isaiah Brockman to second Runner from 3rd tries for Home, SAFE, throw by RF to trailing runner, SAFE at third!
|
|
Batting: RHB Masumitsu Sugiura
|
0-0: Called Strike 0-1: Foul Ball, location: 2F 0-2: Ball 1-2: Foul Ball, location: 2F 1-2: Foul Ball, location: 2F 1-2: Foul Ball, location: 2F 1-2: SINGLE (Flyball, 9LS, EV 85.6 MPH) Isaiah Brockman scores Orlando Landa to second Runner from 2nd tries for 3rd, SAFE, throw by RF made to third
|
|
Batting: LHB Jeff Tavella
|
0-0: Called Strike 0-1: Foul Ball, location: 2F 0-2: Ball 1-2: SINGLE (Groundball, 56D, EV 98.8 MPH) Orlando Landa scores Masumitsu Sugiura to second
|
|
Batting: RHB Torquato Obawole
|
0-0: Called Strike 0-1: Ball 1-1: Called Strike 1-2: Ball 2-2: Strikes out swinging
|
| Bottom of the 4th over - 4 runs, 4 hits, 0 errors, 2 left on base; Indianapolis 2 - New Orleans 4 |
| TOP OF THE 5TH |
|
Indianapolis Indians batting - Pitching for New Orleans Zephyrs : RHP Alberto Negrete
|
|
Batting: RHB Slamet Pamungkas
|
0-0: SINGLE (Groundball, 34D, EV 103.8 MPH)
|
|
Batting: RHB Jason Gee
|
0-0: Ball 1-0: Ball Slamet Pamungkas steals 2nd base 2-0: Ball 3-0: Called Strike 3-1: Base on Balls
|
|
Batting: LHB Edwin Aguilar
|
0-0: Called Strike 0-1: Ball 1-1: Ball 2-1: SINGLE (Groundball, 4MD, EV 115.0 MPH) Slamet Pamungkas to third Jason Gee to second
|
|
Batting: LHB Marc Carter
|
0-0: Ball 1-0: Called Strike 1-1: Fly out, F7 (Flyball, 7, EV 85.0 MPH) Runner from 3rd tags up, OUT at HOME! 7-2 Jason Gee to third Edwin Aguilar to second
|
|
Batting: LHB Alberto Figueroa
|
0-0: Ball 1-0: Ball 2-0: Ball 3-0: Called Strike 3-1: Base on Balls
|
|
Batting: RHB Chris Pozzi
|
0-0: Ground out 4-3 (Groundball, 4, EV 101.2 MPH)
|
| Top of the 5th over - 0 runs, 2 hits, 0 errors, 3 left on base; Indianapolis 2 - New Orleans 4 |
| BOTTOM OF THE 5TH |
|
New Orleans Zephyrs batting - Pitching for Indianapolis Indians : RHP Curt Campbell
|
|
Batting: RHB Rick Fell
|
0-0: Ball 1-0: Foul Ball, location: 2F 1-1: Foul Ball, location: 2F 1-2: Strikes out swinging
|
|
Batting: RHB Manuel Taveras
|
0-0: Ball 1-0: Ball 2-0: Fly out, F9 (Line Drive, 9, EV 90.6 MPH)
|
|
Batting: RHB Adam McGurn
|
0-0: Foul Ball, location: 2F 0-1: Fly out, F8 (Flyball, 89M, EV 81.9 MPH)
|
| Bottom of the 5th over - 0 runs, 0 hits, 0 errors, 0 left on base; Indianapolis 2 - New Orleans 4 |
| TOP OF THE 6TH |
|
Indianapolis Indians batting - Pitching for New Orleans Zephyrs : RHP Alberto Negrete
|
|
Batting: RHB Caleb Russell
|
0-0: Called Strike 0-1: Swinging Strike 0-2: Strikes out looking
|
|
Batting: RHB Richard Barrios
|
0-0: Ball 1-0: Foul Ball, location: 2F 1-1: SINGLE (Flyball, 5D, EV 87.5 MPH)
|
|
Batting: RHB Matt Keef
|
0-0: Called Strike 0-1: Swinging Strike 0-2: Ball 1-2: Strikes out swinging
|
|
Batting: RHB Slamet Pamungkas
|
0-0: Ball 1-0: Called Strike 1-1: Foul Ball, location: 2F 1-2: Reached on error, E5 (Groundball, 56S, EV 86.2 MPH) Richard Barrios to second
|
|
Pitching: RHP Giampaolo Nobile
|
|
|
Batting: RHB Jason Gee
|
0-0: Reached on error, E3 (Groundball, 34, EV 83.1 MPH) Richard Barrios to third Slamet Pamungkas to second
|
|
Batting: LHB Edwin Aguilar
|
0-0: Called Strike 0-1: Ground out U3 (Groundball, 34, EV 103.1 MPH)
|
| Top of the 6th over - 0 runs, 1 hit, 2 errors, 3 left on base; Indianapolis 2 - New Orleans 4 |
| BOTTOM OF THE 6TH |
|
New Orleans Zephyrs batting - Pitching for Indianapolis Indians : RHP Curt Campbell
|
|
Batting: LHB Adam Durgin
|
0-0: Fly out, F7 (Flyball, 7S, EV 75.0 MPH)
|
|
Batting: RHB Isaiah Brockman
|
0-0: Ball 1-0: Called Strike 1-1: Ball 2-1: Foul Ball, location: 2F 2-2: Ball 3-2: Fly out, F9 (Flyball, 89M, EV 91.2 MPH)
|
|
Batting: RHB Orlando Landa
|
0-0: Swinging Strike 0-1: Fly out, F8 (Line Drive, 78M, EV 89.4 MPH)
|
| Bottom of the 6th over - 0 runs, 0 hits, 0 errors, 0 left on base; Indianapolis 2 - New Orleans 4 |
| TOP OF THE 7TH |
|
Indianapolis Indians batting - Pitching for New Orleans Zephyrs : RHP Giampaolo Nobile
|
|
Batting: LHB Marc Carter
|
0-0: Ball 1-0: SINGLE (Groundball, 34D, EV 99.4 MPH)
|
|
Batting: LHB Alberto Figueroa
|
0-0: Ball 1-0: Foul Ball, location: 2F 1-1: SINGLE (Groundball, 34D, EV 98.1 MPH) Marc Carter to second Runner from 2nd tries for 3rd, SAFE, throw by RF made to third
|
|
Batting: RHB Chris Pozzi
|
0-0: Called Strike 0-1: Swinging Strike 0-2: Ball 1-2: Ball 2-2: Foul Ball, location: 2F 2-2: Ball 3-2: SINGLE (Groundball, 56, EV 103.8 MPH) (infield hit) Marc Carter scores Alberto Figueroa to second
|
|
Batting: RHB Caleb Russell
|
0-0: Foul Ball, location: 2F 0-1: Ball 1-1: Swinging Strike 1-2: Strikes out swinging
|
|
Batting: RHB Richard Barrios
|
0-0: Ball 1-0: Ball 2-0: Ball 3-0: Base on Balls Alberto Figueroa to third Chris Pozzi to second
|
|
Batting: RHB Matt Keef
|
0-0: Ball 1-0: SINGLE (Groundball, P, EV 81.2 MPH) (infield hit) Alberto Figueroa scores Chris Pozzi to third Richard Barrios to second
|
|
Batting: RHB Slamet Pamungkas
|
0-0: Called Strike 0-1: Ball 1-1: Grounds into fielders choice 4-2 (Groundball, 4, EV 85.6 MPH) Richard Barrios to third Matt Keef to second
|
|
Batting: RHB Jason Gee
|
0-0: Ball 1-0: Foul Ball, location: 2F 1-1: Ball 2-1: Foul Ball, location: 2F 2-2: Strikes out swinging
|
| Top of the 7th over - 2 runs, 4 hits, 0 errors, 3 left on base; Indianapolis 4 - New Orleans 4 |
| BOTTOM OF THE 7TH |
|
New Orleans Zephyrs batting - Pitching for Indianapolis Indians : RHP Curt Campbell
|
|
Pitching: RHP Doug Rawson
|
|
|
Batting: RHB Masumitsu Sugiura
|
0-0: Ball 1-0: Called Strike 1-1: Ball 2-1: Swinging Strike 2-2: Foul Ball, location: 2F 2-2: Strikes out swinging
|
|
Batting: LHB Jeff Tavella
|
0-0: Ball 1-0: Foul Ball, location: 2F 1-1: Ball 2-1: Ball 3-1: Base on Balls
|
|
Batting: RHB Torquato Obawole
|
0-0: Called Strike 0-1: Swinging Strike 0-2: Strikes out swinging
|
|
Batting: RHB Rick Fell
|
0-0: Ball 1-0: Called Strike 1-1: Foul Ball, location: 2F 1-2: Strikes out looking
|
| Bottom of the 7th over - 0 runs, 0 hits, 0 errors, 1 left on base; Indianapolis 4 - New Orleans 4 |
| TOP OF THE 8TH |
|
Indianapolis Indians batting - Pitching for New Orleans Zephyrs : RHP Giampaolo Nobile
|
|
Pitching: RHP Matt Murray
|
|
|
Batting: LHB Edwin Aguilar
|
0-0: Called Strike 0-1: Called Strike 0-2: Foul Ball, location: 2F 0-2: Ball 1-2: Ground out U3 (Groundball, 34S, EV 87.5 MPH)
|
|
Batting: LHB Marc Carter
|
0-0: Ball 1-0: Foul Ball, location: 2F 1-1: Ball 2-1: Foul Ball, location: 2F 2-2: Ball 3-2: Base on Balls
|
|
Batting: LHB Alberto Figueroa
|
0-0: Ball 1-0: Called Strike 1-1: Ball 2-1: Called Strike 2-2: Ball 3-2: Strikes out swinging
|
|
Batting: RHB Chris Pozzi
|
0-0: Ball 1-0: Ball 2-0: Ball 3-0: Called Strike 3-1: Foul Ball, location: 2F 3-2: Strikes out swinging
|
| Top of the 8th over - 0 runs, 0 hits, 0 errors, 1 left on base; Indianapolis 4 - New Orleans 4 |
| BOTTOM OF THE 8TH |
|
New Orleans Zephyrs batting - Pitching for Indianapolis Indians : RHP Doug Rawson
|
|
Pitching: RHP Mario Medrano
|
|
|
Batting: RHB Manuel Taveras
|
0-0: Called Strike 0-1: Ball 1-1: DOUBLE (Flyball, 78D, EV 90.6 MPH)
|
|
Batting: RHB Adam McGurn
|
0-0: Called Strike 0-1: Ball 1-1: Swinging Strike 1-2: Ball 2-2: Reached on error, E5 (Groundball, 56, EV 88.1 MPH) Manuel Taveras to third
|
|
Batting: LHB Adam Durgin
|
0-0: Ball 1-0: Called Strike 1-1: Fly out, F8 (Flyball, 8LM, EV 80.6 MPH)
|
|
Batting: RHB Isaiah Brockman
|
0-0: Called Strike Adam McGurn steals 2nd base 0-1: Ball 1-1: Ball 2-1: Ball 3-1: SINGLE (Groundball, 34D, EV 99.4 MPH) Manuel Taveras scores Adam McGurn to third Runner from 3rd tries for Home, throw by RF and OUT! 9-2 Isaiah Brockman to second
|
|
Batting: RHB Orlando Landa
|
0-0: Foul Ball, location: 2F 0-1: Ground out 4-3 (Groundball, 4M, EV 108.1 MPH)
|
| Bottom of the 8th over - 1 run, 2 hits, 1 error, 1 left on base; Indianapolis 4 - New Orleans 5 |
| TOP OF THE 9TH |
|
Indianapolis Indians batting - Pitching for New Orleans Zephyrs : RHP Matt Murray
|
|
Pitching: RHP J.P. Wilson
|
|
|
Batting: RHB Caleb Russell
|
0-0: Foul Ball, location: 2F 0-1: Ball 1-1: Ball 2-1: Ground out 6-3 (Groundball, 56, EV 87.5 MPH)
|
|
Batting: RHB Richard Barrios
|
0-0: Ball 1-0: SINGLE (Groundball, 6MD, EV 106.9 MPH)
|
|
Batting: RHB Matt Keef
|
0-0: Foul Ball, location: 2F 0-1: Grounds into double play, 4-6-3 (Groundball, 4, EV 100.0 MPH)
|
| Top of the 9th over - 0 runs, 1 hit, 0 errors, 0 left on base; Indianapolis 4 - New Orleans 5 |
|